FIQ, neutral male gnomish Wizard ------- ------- --}}}}}-- --------------- |.._..| --}}...}}-- --..|`.[`..`..`| |`...`| -----|}}.%...}}| --...#..........| |.....| |(((||}.......}| --------- --....|-|------|-| ----|---- |...||}..._.%.}| --.......-- --.....#..........-----|.......|---------|--|}......%}| --------.........----.....--...............#.......#.....||.....|}}...%.}}| --...[[[[...}}}...........--.)..........................`.|-.....|-}}...}}-- |<[)........}{}...........[))[[).......................I%.-).^(..|--}}.}}-- --......[.[.}}}...........--.........................^..`%|-.....|.---|---. --------....)....----.....--...............#.......#.....||.....|. . . * ..... --.......-- *--.....#..........-----|.......|---------|---[.... ... . . . --------- . --....|-|------|-| ----|---- . . . . . . ... ................*--...#..........|....*|.....|*...... ... ... ..... . . . . . . . --..|`..`..`..`|. .|(...`|. . . . . . ... . . . ... ... ... ...---------------. ...|.._..|... ... . . ....... ... . . . . . . . . . ------- . . . ...} * *.. ..... ....... ...................%.............%... ..............*.}} .}}{ FIQ the Thaumaturge Experience level: 9 Strength: 10 Dexterity: 9 Constitution: 15 Intelligence: 18 Wisdom: 19 Charisma: 9 Health: 0(64) Energy: 119(135) Def: 20 Gold: 0 Moves: 7511 Dungeon seed: Hb8sP22HS0HgFxnN Game ID: FIQ_1464975636 Your Inventory: Amulets V - a cursed amulet of restful sleep Weapons a - a blessed +1 quarterstaff (weapon in hands) f - an uncursed +2 aklys (alternate weapon; not wielded) Armor e - an uncursed +0 cloak of magic resistance (being worn) q - a blessed +0 pair of elven boots (being worn) r - a blessed greased +3 silver dragon scale mail (being worn) Comestibles L - an uncursed lizard corpse M - an uncursed food ration P - an uncursed egg Potions C - an uncursed potion of gain ability E - an uncursed potion of confusion J - an uncursed potion of gain energy Rings j - an uncursed +5 ring of gain strength Q - an uncursed ring of protection from shape changers (on left hand) Wands A - an uncursed wand of teleportation (0:3) D - an uncursed wand of teleportation (0:7) R - an uncursed wand of speed monster (0:3) T - an uncursed wand of teleportation (0:8) Z - an uncursed wand of locking (0:2) Tools b - a blessed bag of holding c - the blessed greased fireproof Platinum Yendorian Express Card d - an uncursed oil lamp (0:1413) k - an uncursed skeleton key l - a blessed oil lamp (0:968) t - an uncursed blindfold z - an uncursed can of grease (0:1) K - a cursed figurine of a balrog U - a blessed oil lamp (0:800) X - an uncursed +0 unicorn horn Gems g - an uncursed luckstone n - an uncursed touchstone y - an uncursed agate stone N - 4 uncursed flint stones Contents of the bag of holding: 1797 gold pieces a cursed amulet of strangulation named cursed 2 uncursed bananas an uncursed carrot an uncursed clove of garlic 3 uncursed food rations an uncursed lichen corpse an uncursed orange an uncursed pancake an uncursed pear 3 uncursed slime molds an uncursed sprig of wolfsbane 2 blessed scrolls of blank paper an uncursed scroll of blank paper a blessed scroll of create monster an uncursed scroll of destroy armor 2 uncursed scrolls of enchant armor 2 uncursed scrolls of enchant weapon 2 uncursed scrolls of identify an uncursed scroll of light an uncursed scroll of punishment 3 uncursed scrolls of remove curse an uncursed scroll of teleportation 2 uncursed potions of blindness an uncursed potion of booze a blessed potion of fruit juice a potion of holy water an uncursed potion of invisibility Spells and supernatural/magical abilities: Name Level Category Fail Memory a - force bolt 1 attack 0% 63% c - cause fear 3 enchantment 0% 68% k - knock 1 matter 0% 66% l - light 1 divination 0% 66% m - magic missile 2 attack 0% 84% n - detect monsters 1 divination 0% 63% p - protection 1 clerical 0% 77% r - remove curse 3 clerical 70% 77% v - clairvoyance 3 divination 0% 66% w - wizard lock 2 matter 0% 68% z - sleep 1 enchantment 0% 77% B - cure blindness 2 healing 0% 77% E - detect food 2 divination 0% 96% I - identify 3 divination 0% 77% K - cure sickness 3 healing 70% 90% O - create monster 2 clerical 0% 68% W - pray for help -- divine ? -- Your skills at the end: Miscellaneous Skills wands [Basic] Weapon Skills quarterstaff [Skilled] crossbow [Basic] Spellcasting Skills attack spells [Basic] divination spells [Skilled] enchantment spells [Basic] Final Attributes: You were devoutly aligned. You were cold resistant. You were magic-protected. You were telepathic. You had infravision. You were stealthy. You were protected. You were protected from shape changers. You were fast. You had reflection. You were lucky. You had extra luck. Bad luck did not time out for you. Good luck did not time out for you. You are dead. Vanquished creatures: a long worm a warg a winter wolf a warhorse a quantum mechanic an ochre jelly a pit viper 2 Grey-elves a wolf 3 winter wolf cubs a lynx 2 leprechauns 2 lizards 2 giant spiders an iron piercer an ice vortex a black light a vampire bat 3 owlbears a yeti a dog a dingo a housecat a jaguar a water nymph a white unicorn a plains centaur 4 gnome mummies a baby crocodile a wood nymph 9 Mordor orcs 9 Uruk-hai 13 orc shamans 2 rock piercers 2 shriekers a gnome lord a kobold mummy 2 red naga hatchlings a gray ooze a ghoul a straw golem a paper golem a giant ant a dwarf a homunculus 3 kobold lords 3 kobold shamans 3 iguanas 14 hill orcs a rothe a rabid rat a centipede 2 giant bats a monkey an orc zombie 3 dwarf zombies a wererat a werejackal 6 killer bees 5 coyotes 4 gas spores 10 hobbits an acid blob 3 geckos 8 hobgoblins 3 giant rats a cave spider a brown mold 2 yellow molds a red mold a gnome 3 garter snakes a gnome zombie 8 jackals 4 foxes 2 kobolds 6 newts 6 goblins 4 sewer rats 8 grid bugs a bat 5 lichens 2 kobold zombies 218 creatures vanquished. Voluntary challenges: You used a wielded weapon 95 times, starting on turn 437. You did not apply a unicorn horn. You read items or engraved 74 times, starting on turn 203. You never genocided any monsters. You never polymorphed an object. You never changed form. You used 2 wishes, starting on turn 4251. You wished for your your first artifact on turn 5553. You never split a pudding. You wrote Elbereth's name 1 time, starting on turn 2961. You violated your moral code, losing 1 point of alignment, starting on turn 5130. Dungeon overview: The Dungeons of Doom: levels 1 to 2 Level 1 a long staircase Level 2 a bookstore, a fountain stairs to The Gnomish Mines The Gnomish Mines: levels 3 to 11 Level 3 stairs to The Dungeons of Doom Level 4 Level 5 Level 6 many shops, a temple to Ptah, a magic chest, some fountains Level 7 Level 8 Level 9 Level 10 Level 11 <- You were here many altars to Thoth and Moloch, a magic chest, some fountains History has recorded: On T:1 you entered the Dungeons of Doom to retrieve the Amulet of Yendor! On T:233 you reached level 2 of The Dungeons of Doom. On T:1334 you advanced to experience level 2. On T:1412 you reached level 1 of The Gnomish Mines. On T:1435 you advanced to experience level 3. On T:1943 you reached level 2 of The Gnomish Mines. On T:2041 you advanced to experience level 4. On T:2098 you reached level 3 of The Gnomish Mines. On T:2443 you reached level 4 of The Gnomish Mines. On T:2520 you advanced to experience level 5. On T:2546 you entered the Minetown temple On T:3690 you advanced to experience level 6. On T:4144 you opened a magic chest. On T:4180 you opened a magic chest. On T:4182 you opened a magic chest. On T:4251 you wished for "blessed greased fixed +3 silver dragon scale mail". On T:4472 you reached level 5 of The Gnomish Mines. On T:4680 you advanced to experience level 7. On T:4819 you reached level 6 of The Gnomish Mines. On T:5245 you reached level 7 of The Gnomish Mines. On T:5349 you reached level 8 of The Gnomish Mines. On T:5405 you advanced to experience level 8. On T:5553 you wished for "blessed greased fixed platinum yendorian express card". On T:6229 you reached level 9 of The Gnomish Mines. On T:6229 you reached the bottom of the Mines. On T:6348 you advanced to experience level 9. On T:6503 you opened a magic chest. On T:6504 you opened a magic chest. On T:6525 you opened a magic chest. On T:6972 you opened a magic chest. Score breakdown: Gold: 1797 ( 179 points) Experience: 9 levels ( 800 points) Exploration: 11 levels ( 300 points) Discoveries: 34 items ( 1700 points) Variety of kills: 83 monsters ( 2000 points) Major goal: reached Mine's End ( 1000 points) Survival: died (score multiplied by 3) Total score: 17937 Latest messages: t - an uncursed blindfold. z - an uncursed can of grease. K - a cursed figurine of a balrog. g - an uncursed gray stone. y - an uncursed orange gem. There is an altar to Thoth (neutral) here. There are several objects here. The Grey-elf hurls a cyan potion! The flagon crashes on your head and breaks into shards. You feel rather tired. Something slashes you! Something hacks you! You die... Final status: Goodbye FIQ the Wizard, killed by a Grey-elf, while sleeping off potion vapours... You died in The Gnomish Mines on dungeon level 11 with 17937 points, and 1797 pieces of gold, after 7511 moves. You were level 9 with a maximum of 64 hit points when you died.